 Dungeon Sprint DCSS version 0.31-a0-806-g0bc164a743 (webtiles) character file.

Game seed: 4962071256595048504

1243 sircluck the Grappler (level 8, -13/92 HPs)
             Began as a Troll Berserker on Sept 21, 2023.
             Was a High Priest of Trog.
             Mangled by a two-headed ogre
             ... wielding a +0 giant club
              (19 damage)
             ... in the Dungeon (Sprint III: "The Ten Rune Challenge").
             The game lasted 00:01:36 (349 turns).

sircluck the Grappler (Troll Berserker)              Turns: 349, Time: 00:01:37

Health: -13/92     AC:  4    Str: 28    XL:     8   Next: 25%
Magic:  7/7        EV: 12    Int:  3    God:    Trog [*****.]
Gold:   22         SH:  0    Dex:  9    Spells: 7/7 levels left

rFire   + .          .
                       - Unarmed
rCold   . . .        (no shield)
rNeg    . . .        a - +0 animal skin
rPois   +            (helmet restricted)
rElec   .            (no cloak)
rCorr   .            (gloves unavailable)
SInv    .            (boots unavailable)
Will    .....        (no amulet)
Stlth   +            (no ring)
HPRegen 1.15/turn    (no ring)
MPRegen 0.10/turn

%: no teleportation
@: no status effects
A: large, unfitting armour, claws 3, regeneration 1, shaggy fur 1, tough skin 1,
fire resistance 1, poison resistance
a: Renounce Religion, Berserk, Trog's Hand, Brothers in Arms


You were in the Dungeon.
You worshipped Trog.
Trog was extremely pleased with you.
You visited 1 branch You collected 22 gold pieces.

Inventory:

Armour
 a - a +0 animal skin (worn)
Wands
 n - a wand of roots (9)
Scrolls
 g - a scroll of blinking
 j - a scroll of torment {unknown}
 k - 2 scrolls of identify {unknown}
 m - a scroll of poison {unknown}
Potions
 b - 3 potions of curing
 c - a potion of heal wounds
 d - a potion of haste
 e - 2 potions of magic
 f - a potion of berserk rage
 h - a potion of resistance {unknown}
 i - a potion of mutation
 l - 4 potions of enlightenment


   Skills:
 + Level 9.4 Fighting
 + Level 9.3 Dodging
 + Level 11.0 Unarmed Combat


You had 7 spell levels left.
You didn't know any spells.
Your spell library was empty.

Dungeon Overview and Level Annotations

Branches:
Dungeon (1/1)

Altars:
Dithmenos
Elyvilon
Okawaru
Ru
Trog
Uskayaw
Wu Jian
Yredelemnul
Zin
The Shining One


Innate Abilities, Weirdness & Mutations

You are too large for most types of armour.
You have claws for hands.
Your natural rate of healing is unusually fast.
You are covered in fur. (AC +1)
You have tough skin. (AC +1)
Your flesh is heat resistant. (rF+)
Your system is resistant to poisons. (rPois)


Message History

Your claw misses the two-headed ogre.
The two-headed ogre is severely wounded.
You claw the two-headed ogre!
You kill the two-headed ogre!
Trog accepts your kill.
The two-headed ogre hits you with a +0 great mace!!
The two-headed ogre closely misses you.
You are too injured to fight recklessly!
You are too injured to fight recklessly!
You are too injured to fight recklessly!
You are too injured to fight recklessly!
You are too injured to fight recklessly!
You are too injured to fight recklessly!
You are too injured to fight recklessly!
You are too injured to fight recklessly!
You are too injured to fight recklessly!
You are too injured to fight recklessly!
You are too injured to fight recklessly!
You are too injured to fight recklessly!
You are too injured to fight recklessly!
The two-headed ogre misses you.
The two-headed ogre hits you with a +0 giant club!!
* * * LOW HITPOINT WARNING * * *
You claw the two-headed ogre!
The two-headed ogre is heavily wounded.
You mangle the two-headed ogre!!
You kill the two-headed ogre!
Trog accepts your kill.
Your Unarmed Combat skill increases to level 11!
You mangle the two-headed ogre!!
The two-headed ogre is severely wounded.
The two-headed ogre misses you.
The two-headed ogre hits you with a +0 giant spiked club!!
* * * LOW HITPOINT WARNING * * *
You closely miss the two-headed ogre.
The two-headed ogre is severely wounded.
You closely miss the two-headed ogre.
The two-headed ogre is severely wounded.
The two-headed ogre hits you with a +0 giant club!!
You die...

♣♣..###'#'###'##
.♣..#....).....#
♣♣..'.⌠........#
~...#...######'#
....#.⌠.# #...#
# # ....#...#
#...# .#.#
....#+### #...##
#.. ....#
#...'##.# ....#
+...#@O)# ▓▓▓▓▓
▓▓▓▓▓▓▓▓▓


You could see a two-headed ogre.

Vanquished Creatures
  A deep elf pyromancer (D)
  A shadow (D)
  2 two-headed ogres (D)
  A water elemental (D)
  A necrophage (D)
  A scorpion (D)
  A jelly (D)
  A necromancer (D)
  3 humans (D)
  4 rats (D)
16 creatures vanquished.

Notes
Turn   | Place    | Note
-------+----------+-------------------------------------------
     0 | D        | sircluck the Troll Berserker began the quest for the Orb.
     0 | D        | Reached XP level 1. HP: 22/22 MP: 0/0
    17 | D        | Reached ** piety under Trog
    49 | D        | Reached skill level 4 in Unarmed Combat
    49 | D        | Reached XP level 2. HP: 10/31 MP: 1/1
    71 | D        | Noticed a scorpion
    76 | D        | Killed a scorpion
    77 | D        | Reached skill level 5 in Unarmed Combat
    77 | D        | Reached XP level 3. HP: 29/40 MP: 2/2
    77 | D        | Reached XP level 4. HP: 35/49 MP: 3/3
   116 | D        | Gained mutation: You are partially covered in iridescent
                  | scales. (AC +2) [potion of mutation]
   116 | D        | Gained mutation: You occasionally lose the ability to drink
                  | potions when taking damage. [potion of mutation]
   116 | D        | Gained mutation: You are frail. (-10% HP) [potion of
                  | mutation]
   117 | D        | Lost mutation: You are partially covered in iridescent
                  | scales. (AC +2) [potion of mutation]
   117 | D        | Lost mutation: You are frail. (-10% HP) [potion of
                  | mutation]
   117 | D        | Gained mutation: You sometimes lose the ability to drink
                  | potions when taking damage. [potion of mutation]
   118 | D        | Lost mutation: You sometimes lose the ability to drink
                  | potions when taking damage. [potion of mutation]
   118 | D        | Lost mutation: You occasionally lose the ability to drink
                  | potions when taking damage. [potion of mutation]
   118 | D        | Gained mutation: You are partially covered in iridescent
                  | scales. (AC +2) [potion of mutation]
   119 | D        | Lost mutation: You are partially covered in iridescent
                  | scales. (AC +2) [potion of mutation]
   119 | D        | Gained mutation: You have hidden genetic defects. [potion
                  | of mutation]
   119 | D        | Gained mutation: You are partially covered in large bone
                  | plates. (SH +4) [potion of mutation]
   120 | D        | Lost mutation: You are partially covered in large bone
                  | plates. (SH +4) [potion of mutation]
   120 | D        | Lost mutation: You have hidden genetic defects. [potion of
                  | mutation]
   120 | D        | Gained mutation: Your magical capacity is low. (-10% MP)
                  | [potion of mutation]
   120 | D        | Gained mutation: You expend magic power (3 MP) to
                  | strengthen your wands. [potion of mutation]
   121 | D        | Lost mutation: You expend magic power (3 MP) to strengthen
                  | your wands. [potion of mutation]
   121 | D        | Lost mutation: Your magical capacity is low. (-10% MP)
                  | [potion of mutation]
   121 | D        | Gained mutation: Your flesh is heat resistant. (rF+)
                  | [potion of mutation]
   121 | D        | Gained mutation: Your system is resistant to poisons.
                  | (rPois) [potion of mutation]
   147 | D        | Noticed a water elemental
   153 | D        | Killed a water elemental
   153 | D        | Reached *** piety under Trog
   154 | D        | Reached skill level 5 in Fighting
   154 | D        | Reached skill level 5 in Dodging
   154 | D        | Reached skill level 6 in Unarmed Combat
   173 | D        | Found a glowing silver altar of Zin.
   173 | D        | Found a glowing golden altar of the Shining One.
   173 | D        | Found a white marble altar of Elyvilon.
   174 | D        | Noticed a deep elf pyromancer
   180 | D        | Noticed a fire elemental
   181 | D        | Noticed a fire elemental
   181 | D        | Noticed a fire elemental
   184 | D        | Killed a deep elf pyromancer
   185 | D        | Reached skill level 9 in Unarmed Combat
   185 | D        | Reached XP level 5. HP: 19/63 MP: 4/4
   185 | D        | Reached XP level 6. HP: 21/72 MP: 5/5
   185 | D        | Reached XP level 7. HP: 23/79 MP: 6/6
   240 | D        | Found a hide-covered altar of Uskayaw.
   240 | D        | Found an iron altar of Okawaru.
   240 | D        | Found a bloodstained altar of Trog.
   240 | D        | Found an ornate altar of the Wu Jian Council.
   240 | D        | Noticed a human
   240 | D        | Noticed a human
   244 | D        | Killed a human
   256 | D        | Killed a human
   256 | D        | Reached **** piety under Trog
   257 | D        | Reached skill level 10 in Unarmed Combat
   306 | D        | Found a basalt altar of Yredelemnul.
   306 | D        | Found a shadowy altar of Dithmenos.
   306 | D        | Found a sacrificial altar of Ru.
   320 | D        | Noticed a shadow
   324 | D        | Killed a shadow
   325 | D        | Reached XP level 8. HP: 89/92 MP: 7/7
   325 | D        | Reached ***** piety under Trog
   347 | D        | Reached skill level 11 in Unarmed Combat
   347 | D        | HP: 4/92 [two-headed ogre/+0 giant club (18)]
   349 | D        | Mangled by a two-headed ogre

Illustrated notes

Levels and vault maps discovered:
D:        dungeon_sprint_mu [sprint_mu_entry_forest, sprint_mu_temple_rooms,
          sprint_mu_d1_spiders, sprint_mu_d2_genie, sprint_mu_d3_branching,
          sprint_mu_orc_legion, sprint_mu_elf_gauntlet, sprint_mu_hive_nellie,
          sprint_mu_lair_fedhas, sprint_mu_vaults_butterflies,
          sprint_mu_slime_circle, sprint_mu_swamp_cave, sprint_mu_snake_twists,
          sprint_mu_blade_basic, sprint_mu_crypt_fortress,
          sprint_mu_tomb_spiral, sprint_mu_vestibule_basic,
          sprint_mu_gehenna_hellfire, sprint_mu_dis_giant,
          sprint_mu_tartarus_statrot, sprint_mu_cocytus_islands, sprint_mu_zot1]

Skill      XL: |  1  2  3  4  5  6  7  8 |
---------------+-------------------------+-----
Fighting       | 3 4 7 9 |  9.4
Dodging        | 3 4 7 9 |  9.3
Unarmed Combat | 4 5 9 10 11 | 11.0

Action                     |  1- 3 |  4- 6 |  7- 9 || total
---------------------------+-------+-------+-------++-------
  Melee: Unarmed           |    25 |    14 |    37 ||    76
    Use: Potion            |       |     6 |       ||     6
 Armour: Animal skin       |    18 |    16 |    19 ||    53
  Dodge: Dodged            |     5 |     6 |    11 ||    22

Table legend: (Time is in decaauts)
 A = Elapsed time spent in this place.
 B = Non-inter-level travel time spent in this place.
 C = Inter-level travel time spent in this place.
 D = Time resting spent in this place.
 E = Time spent auto-exploring this place.
 F = Levels seen in this place.
 G = Mean time per level.
                   A        B        C        D        E       F      G
               +--------+--------+--------+--------+--------+-----+--------+
         Total |    339 |    339 |      0 |      0 |    231 |   1 |  339.0 |
       Dungeon |    339 |    339 |      0 |      0 |    231 |   1 |  339.0 |
               +--------+--------+--------+--------+--------+-----+--------+

Top non-repeatable levels by time:
       D: 339 daAuts
